AoeStats
← Mike

Oasis

507917393Analyzed
2v2 RM · 12d ago on Sep 20, 2026· 34m 53s· 4 players
Game mode
Random Map
Map size
Medium (4 player)
Population
200
Speed
Normal
Resources
Standard
Victory
Conquest
Starting age
Dark Age
Ending age
Imperial Age
RankedLock teamsTeams togetherTeam positionsShared explorationLock speedFull tech treeHidden civsTurbo modeCheats
Victory
Defeat
🇩🇪 Armenians · Germany
1025
+17
🇩🇪 Franks · Germany
1004
+17
🇫🇮 Vietnamese · Finland
1046
-17
🇫🇮 Celts · Finland
1046
-17
Mike
6:03 Loom
10:26 Feudal Age
10:30 Man-at-Arms
12:01 Long Swordsman
13:15 Arson
14:26 Double-Bit Axe
15:29 Forging
23:03 Castle Age
22:39 Fletching
22:49 Padded Archer Armor
22:44 Gold Mining
22:44 Pikeman
23:12 Elite Skirmisher
23:13 Crossbowman
24:13 Bodkin Arrow
24:38 Leather Archer Armor
28:46 Ballistics
TITAN
4:07 Loom
10:56 Feudal Age
19:09 Forging
26:33 Castle Age
25:10 Scale Mail Armor
25:26 Forging
27:56 Double-Bit Axe
32:57 Bow Saw
34:13 #83
35:20 Iron Casting
34:46 Padded Archer Armor
Epe
5:25 Loom
10:59 Feudal Age
15:17 Man-at-Arms
27:28 Castle Age
25:51 Padded Archer Armor
26:08 Double-Bit Axe
26:15 Fletching
28:18 Crossbowman
29:00 Horse Collar
31:20 Elite Skirmisher
32:53 Bodkin Arrow
agilebadger
3:31 Loom
7:57 Loom
9:59 Feudal Age
10:46 Double-Bit Axe
15:08 Wheelbarrow
17:25 Scale Barding Armor
18:43 Gold Mining
25:35 Castle Age
24:45 Fletching
24:56 Padded Archer Armor
25:57 Crossbowman
26:35 Bodkin Arrow
27:14 Bow Saw
26:47 Horse Collar
27:05 Stone Mining
27:39 Thumb Ring
28:29 Light Cavalry
30:24 Leather Archer Armor
33:54 Hand Cart
Connection lost

Rejoining the realm…

Still unreachable

The connection could not be restored.

Session expired

The server has moved on; the page needs a fresh start.